Construct Section Command Post
Selects Heavy Armor Battlegroup
Selects Rigorous Vehicle Training
Construct Field Infirmary
Selects Forward Repair Assembly
Selects Light Vehicle Withdraw and Refit
Selects Light Vehicle Withdraw and Refit
Construct Platoon Command Post
Selects Designate Targets
6-pounder Anti-tank Gun Team
Selects Forward Repair Assembly
Selects UNKNOWN (2162094)
Construct Company Command Post
Unlock Towed 17-pounder Anti-tank Guns
17-pounder Anti-tank Gun Team